 Dungeon Crawl Stone Soup version 0.17-a0-1718-g72dbe4d (webtiles) character file.

11370 achirane the Destroyer (level 11, -1/90 HPs)
             Began as a Demonspawn Wizard on Aug 24, 2015.
             Was a High Priest of Makhleb.
             Slain by a manticore (6 damage)
             ... in a volcano on Aug 25, 2015.
             The game lasted 02:08:41 (19410 turns).

achirane the Destroyer (Demonspawn Wizard)         Turns: 19410, Time: 02:08:43

Health: -1/90      AC:  7    Str:  8    XL:     11   Next: 48%
Magic:  8/25       EV: 12    Int: 27    God:    Makhleb [*****.]
Gold:   257        SH:  0    Dex: 11    Spells: 7 memorised, 13 levels left

rFire  . . .     SeeInvis .     K - +3 dagger (chaos)
rCold  + . .     Clarity  .     g - +2 robe {MR+}
rNeg   . . .     SustAt   .     (no shield)
rPois  .         Gourm    +     o - +0 helmet
rElec  .         Spirit   .     m - +0 cloak
rCorr  .         Warding  .     U - +0 pair of gloves of the Farrier {Int+4}
rMut   .         Stasis   .     (no boots)
MR     +....                    C - amulet of the gourmand
Stlth  +.........               (no ring)
                                (no ring)

@: repel missiles, somewhat resistant to hostile enchantments, very unstealthy
A: hooves 2, cold resistance 1, spiny 1
a: Minor Destruction, Lesser Servant of Makhleb, Major Destruction, Greater
Servant of Makhleb, Renounce Religion


You were in a volcano.
You worshipped Makhleb.
Makhleb was extremely pleased with you.
You were very full.

You visited 3 branches of the dungeon, and saw 14 of its levels.
You also visited: Volcano.

You collected 677 gold pieces.
You spent 420 gold pieces at shops.

Inventory:

Hand weapons
 e - a +0 dagger of flaming
 K - a +3 dagger of chaos (weapon)
 M - a +2 quarterstaff of chaos
 P - a +0 blowgun
Missiles
 x - a throwing net (quivered)
 T - 7 curare-tipped needles
Armour
 g - a +2 robe of magic resistance (worn)
 m - a +0 cloak (worn)
 o - a +0 helmet (worn)
 L - a +2 robe of cold resistance
 U - the +0 pair of gloves of the Farrier (worn) {Int+4}
   (You found it on level 9 of the Dungeon)

   It affects your intelligence (+4).
Jewellery
 z - an uncursed amulet of clarity
 C - an amulet of the gourmand (around neck)
Magical devices
 y - a wand of disintegration (5)
 D - a wand of heal wounds (0)
 E - a wand of confusion (29)
 F - a wand of invisibility (6)
 N - a wand of fire (9)
Scrolls
 a - 2 scrolls of identify
 l - 8 scrolls of remove curse
 I - 3 scrolls of fog
Potions
 f - 4 potions of brilliance
 n - 4 potions of curing
Comestibles
 b - a slice of pizza
 c - 2 meat rations
 d - 7 bread rations
 h - 2 fruits


   Skills:
 - Level 10.0 Fighting
 - Level 1.7 Dodging
 - Level 1.7 Stealth
 + Level 10.5 Spellcasting
 - Level 10.5 Conjurations
   Level 1.0 Summonings
 - Level 0.8 Translocations
 - Level 2.0 Fire Magic


You had 13 spell levels left.
You knew the following spells:

 Your Spells              Type           Power        Failure   Level  Hunger
a - Magic Dart            Conj           ####         1%          1    None
b - Mephitic Cloud        Conj/Pois/Air  ####....     2%          3    None
c - Repel Missiles        Chrm/Air       ##....       8%          2    None
d - Blink                 Tloc           N/A          6%          2    None
e - Sticky Flame          Conj/Fire      #####...     3%          4    None
f - Fireball              Conj/Fire      #####.....   12%         5    ###....
g - Sting                 Conj/Pois      ####         1%          1    None


Dungeon Overview and Level Annotations

Branches:
Dungeon (11/15)            Temple (1/1) D:4            Lair (2/8) D:9
    Orc (0/4) D:10

Altars:
Ashenzari
Cheibriados
Dithmenos
Elyvilon
Fedhas
Gozag
Kikubaaqudgha
Makhleb
Nemelex Xobeh
Okawaru
Qazlal
Ru
Sif Muna
Trog
Vehumet
Xom
Yredelemnul
Zin
The Shining One

Shops:
D:7 *   D:8 :

Annotations:
D:11 Josephine


Innate Abilities, Weirdness & Mutations

You have hoof-like feet.
Your flesh is cold resistant.
You are partially covered in sharp spines.


Message History

The manticore is covered in liquid flames!
The manticore burns!
The manticore barely misses you. The manticore barely misses you.
The manticore claws you!
* * * LOW HITPOINT WARNING * * *
The manticore burns!
Casting: Sticky Flame
Confirm with . or Enter, or press ? or * to list all spells.
Okay, then.
Casting: Sticky Flame
Confirm with . or Enter, or press ? or * to list all spells.
Aiming: Sticky Flame
Press: ? - help, Shift-Dir - straight line, f/p - manticore
Aim: a manticore (moderately wounded, covered in liquid flames)
The sticky flame hits the manticore.
The manticore appears unharmed.
The manticore is moderately wounded.
The manticore is covered in liquid flames!
The manticore burns!
The manticore misses you. The manticore claws you!
* * * LOW HITPOINT WARNING * * *
The manticore claws you.
You die...

.....+ b...# ...# .b#
#b# ###### #b#
##....## #b#
##......###H##
##.......##8@8#
##....≈§.......##
#.....§≈........##
##....§≈§≈≈.......#
###...§.§≈§≈§§§.....#
#...§≈≈≈§≈≈≈≈§§§§...##
....§§§≈§§≈≈§≈§≈§≈...#
....§≈≈≈≈§§§§§§§≈§≈..#
§§≈≈≈≈§≈≈≈≈≈≈≈§≈§§≈.##


You could see a manticore (burning) and 4 fire bats.

Vanquished Creatures
  Pikel (D:9)
  A harpy (D:10)
  A griffon (D:10)
  2 black mambas (Lair:1)
  Psyche (D:8)
  2 trolls
  A two-headed ogre (D:10)
  A wyvern (D:9)
  6 yaks (D:9)
  2 fire bats (Volcano)
  A mottled dragon (Volcano)
  2 hippogriffs
  3 wolves (D:9)
  2 porcupines
  4 water moccasins
  2 phantoms
  2 slaves
  3 black bears
  2 ice beasts
  A necrophage (D:8)
  A sky beast (D:9)
  4 centaurs
  An orc warrior (D:9)
  2 crocodiles
  5 ogres
  A big kobold (D:9)
  A brain worm (D:8)
  A wyvern zombie (D:10)
  8 giant frogs
  A gnoll sergeant (D:9)
  2 scorpions
  18 jellies
  3 killer bees (D:8)
  5 wights (D:10)
  6 lava snakes (Volcano)
  4 crimson imps
  4 electric eels
  3 orc priests
  Crazy Yiuf (D:7)
  2 giant frog skeletons
  Jessica (D:4)
  4 hounds
  8 orc wizards
  8 worker ants
  5 iguanas
  Natasha (thrice) (D:3)
  A killer bee zombie (D:8)
  A hound zombie (D:7)
  2 hound skeletons
  26 river rats
  15 adders
  18 gnolls
  4 shadow imps
  An ooze (D:4)
  2 worms
  An adder skeleton (D:6)
  7 giant geckos
  34 orcs
  2 ball pythons
  4 giant cockroaches
  8 goblins
  6 hobgoblins
  20 jackals
  4 quokkas
  13 bats
  2 giant gecko skeletons
  10 giant newts
  13 kobolds
  2 quokka skeletons
  3 rats
341 creatures vanquished.

Vanquished Creatures (others)
  2 slaves (D:9)
  2 gnolls (D:4)
  2 orcs
  2 jackals
  2 fungi (Lair:1)
10 creatures vanquished.

Grand Total: 351 creatures vanquished

Notes
Turn   | Place    | Note
--------------------------------------------------------------
     0 | D:1      | achirane the Demonspawn Wizard began the quest for the Orb.
     0 | D:1      | Reached XP level 1. HP: 13/13 MP: 4/4
   253 | D:1      | Found a sparkling altar of Nemelex Xobeh.
   364 | D:1      | Gained mutation: Your flesh is cold resistant. [demonic ancestry]
   364 | D:1      | Reached XP level 2. HP: 19/19 MP: 3/6
   972 | D:2      | Found a stormy altar of Qazlal.
  1707 | D:2      | Reached XP level 3. HP: 24/24 MP: 1/7
  2377 | D:2      | Reached skill level 4 in Conjurations
  2377 | D:2      | Reached XP level 4. HP: 30/30 MP: 0/8
  2850 | D:3      | Learned a level 3 spell: Mephitic Cloud
  2853 | D:3      | Learned a level 2 spell: Repel Missiles
  2856 | D:3      | Learned a level 2 spell: Blink
  2918 | D:3      | Noticed Natasha
  2922 | D:3      | Killed Natasha
  3036 | D:3      | Found a stormy altar of Qazlal.
  3128 | D:3      | Noticed Natasha
  3131 | D:3      | Killed Natasha
  3131 | D:3      | Reached XP level 5. HP: 35/35 MP: 2/9
  3152 | D:3      | Noticed Natasha
  3154 | D:3      | Killed Natasha
  3299 | D:3      | Reached skill level 5 in Conjurations
  4438 | D:4      | Found a shimmering altar of Xom.
  4462 | D:4      | Noticed an ogre
  4501 | D:4      | Killed an ogre
  4501 | D:4      | Reached skill level 6 in Conjurations
  4501 | D:4      | Reached XP level 6. HP: 41/41 MP: 0/10
  4642 | D:4      | Reached skill level 1 in Fighting
  5129 | D:4      | Noticed an ogre
  5638 | D:4      | Gained mutation: You have large cloven feet. [demonic ancestry]
  5638 | D:4      | Reached XP level 7. HP: 48/53 MP: 5/11
  5829 | D:4      | Killed an ogre
  5954 | D:4      | Found a sparkling altar of Nemelex Xobeh.
  5954 | D:4      | Noticed Jessica
  6053 | D:4      | Killed Jessica
  6117 | D:4      | Found a staircase to the Ecumenical Temple.
  6168 | Temple   | Entered the Ecumenical Temple
  6250 | Temple   | Became a worshipper of Makhleb the Destroyer
  6361 | D:4      | Reached skill level 5 in Fighting
  6448 | D:5      | Entered Level 5 of the Dungeon
  6603 | D:5      | Found a shattered altar of Ashenzari.
  6608 | D:5      | Found a bloodstained altar of Trog.
  7417 | D:5      | Found a blossoming altar of Fedhas.
  7945 | D:6      | Gained mutation: You are partially covered in sharp spines. [demonic ancestry]
  7945 | D:6      | Reached XP level 8. HP: 65/65 MP: 2/12
  8024 | D:5      | Acquired Makhleb's first power
  8024 | D:5      | Reached skill level 7 in Fighting
  8717 | D:6      | Reached skill level 8 in Fighting
  9101 | D:6      | Reached skill level 9 in Fighting
  9668 | D:6      | Acquired Makhleb's second power
  9819 | D:7      | Found Zin's Purification Station.
 10743 | D:7      | Found a glowing silver altar of Zin.
 11115 | D:7      | Reached XP level 9. HP: 78/78 MP: 13/13
 11265 | D:8      | Reached skill level 10 in Fighting
 11641 | D:8      | Noticed Psyche
 11651 | D:8      | Killed Psyche
 12412 | D:7      | Noticed Crazy Yiuf
 12426 | D:7      | Killed Crazy Yiuf
 12537 | D:7      | Found a deep blue altar of Sif Muna.
 12684 | D:8      | Acquired Makhleb's third power
 12754 | D:8      | Found Guhuris's Book Emporium.
 12757 | D:8      | Bought a book of Flames for 420 gold pieces
 12763 | D:8      | Learned a level 4 spell: Sticky Flame
 13341 | D:9      | Found a staircase to the Lair.
 13470 | D:9      | Reached skill level 1 in Fire Magic
 13511 | D:9      | Noticed Pikel
 13548 | D:10     | Entered Level 10 of the Dungeon
 13944 | D:10     | Found a large runed door.
 13944 | D:10     | Found a large runed door.
 14034 | D:10     | Reached skill level 10 in Conjurations
 14078 | D:10     | Reached XP level 10. HP: 85/85 MP: 6/14
 14318 | D:10     | Found a staircase to the Orcish Mines.
 14670 | D:10     | Found an iron altar of Okawaru.
 14670 | D:10     | Noticed a harpy
 14673 | D:10     | Noticed a frost giant
 14827 | D:10     | Killed a harpy
 14872 | D:10     | Noticed a griffon
 14995 | D:9      | Killed Pikel
 14995 | D:9      | Reached skill level 5 in Spellcasting
 15466 | D:9      | Acquired Makhleb's fourth power
 15612 | D:9      | Got a pair of jewelled gloves
 15618 | D:9      | Identified the +0 pair of gloves of the Farrier {Int+4} (You found it on level 9 of the Dungeon)
 16470 | D:9      | Gained mutation: You have hoof-like feet. [demonic ancestry]
 16470 | D:9      | Reached XP level 11. HP: 81/90 MP: 19/23
 16839 | D:9      | Acquired Makhleb's fifth power
 17003 | D:10     | Killed a griffon
 17239 | D:10     | Found a sparkling altar of Nemelex Xobeh.
 17562 | D:11     | Noticed Josephine
 17596 | Lair:1   | Entered Level 1 of the Lair of Beasts
 17641 | Lair:1   | Learned a level 5 spell: Fireball
 17643 | Lair:1   | Learned a level 1 spell: Sting
 18940 | Lair:1   | Reached skill level 10 in Spellcasting
 19065 | Lair:2   | Found a dark tunnel.
 19114 | Volcano  | Entered a volcano
 19410 | Volcano  | Slain by a manticore

Vault maps used:
D:1:      evilmike_arrival_plus, nemelex_xobeh_ov_fountains_minmay
D:2:      nicolae_qazlal_general_emergency
D:3:      old_standard_altar, uniq_natasha
D:4:      xom_confusion_cloud, minmay_temple_entry_statues_fountains,
          first_bread, nemelex_lonely_heart_becter
D:5:      kennysheep_little_box, minitemple
D:6:      gup_sewer_entry_bowl
D:7:      zin_purify, lemuel_doored_altar, uniq_crazy_yiuf_cottage
D:8:      serial_shops, kennysheep_mini, hangedman_pestilent_swarm,
          water_maze_lemuel, uniq_psyche
D:9:      erik_lair_island, uniq_pikel
D:10:     orc_0_dummy, jmf_multi_god_temple2
D:11:     basic_altar, uniq_nergalle, uniq_snorg, uniq_josephine
Temple:   circular_temple_12
Lair:2:   nicolae_volcano_entry_lava_flow, grunt_forest_large_clearing_hut,
          grunt_megastairs_2
Volcano:  volcano_grotto

Action                   |  1- 3 |  4- 6 |  7- 9 | 10-12 || total
-------------------------+-------+-------+-------+-------++-------
Melee: Dagger            |    24 |    56 |   220 |   157 ||   457
Throw: Throwing net      |       |     2 |       |     1 ||     3
 Cast: Magic Dart        |   107 |   166 |   294 |   105 ||   672
       Blink             |       |     6 |     4 |       ||    10
       Mephitic Cloud    |       |    13 |    51 |     9 ||    73
       Repel Missiles    |       |       |     2 |     1 ||     3
       Sticky Flame      |       |       |     8 |    90 ||    98
       Sting             |       |       |       |    20 ||    20
       Fireball          |       |       |       |     2 ||     2
Evoke: Wand              |       |       |     5 |     1 ||     6
  Use: Scroll            |       |       |       |     6 ||     6
 Stab: Sleeping          |       |     1 |       |     1 ||     2
       Confused          |       |     3 |     3 |     1 ||     7
  Eat: Chunk             |     4 |    12 |    18 |    13 ||    47
       Fruit             |       |       |     3 |       ||     3
       Meat ration       |       |       |     3 |     1 ||     4
       Bread ration      |       |       |       |     2 ||     2
